 Dungeon Crawl Stone Soup version 0.30.0 (webtiles) character file.

Game seed: 17129837460078854147

283 dialectric the Insei (level 6, -1/50 HPs)
             Began as a Hill Orc Wanderer on May 6, 2023.
             Was an Initiate of Okawaru.
             Killed from afar by Natasha (7 damage)
             ... with a magic dart
             ... on level 3 of the Dungeon.
             The game lasted 00:02:55 (1811 turns).

dialectric the Insei (Hill Orc Wanderer)            Turns: 1811, Time: 00:02:56

Health: -1/50      AC:  4    Str: 13    XL:     6   Next: 28%
Magic:  6/6        EV: 12    Int: 10    God:    Okawaru [......]
Gold:   37         SH:  0    Dex: 16    Spells: 5/5 levels left

rFire   . . .        n - +2 dagger (venom)
rCold   . . .        (no shield)
rNeg    . . .        d - +0 robe
rPois   .            p - +1 helmet
rElec   .            (no cloak)
rCorr   .            (no gloves)
SInv    .            (no boots)
Will    .....        (no amulet)
Stlth   ++           (no ring)
HPRegen 0.28/turn    (no ring)
MPRegen 0.10/turn

%: no passive effects
@: no status effects
A: no striking features
a: Renounce Religion


You were on level 3 of the Dungeon.
You worshipped Okawaru.
Okawaru was noncommittal.
You visited 1 branch of the dungeon, and saw 3 of its levels.

You collected 172 gold pieces.
You spent 135 gold pieces at shops.

Inventory:

Hand Weapons
 a - a +1 sling
 n - a +2 dagger of venom (weapon)
Missiles
 f - 16 poisoned darts
 k - 3 curare-tipped darts (quivered)
Armour
 d - a +0 robe (worn)
 p - a +1 helmet (worn)
Scrolls
 b - 2 scrolls of fear
 e - a scroll of acquirement {unknown}
 g - 6 scrolls of identify {unknown}
 h - 4 scrolls of teleportation
 i - 2 scrolls of fog {unknown}
 l - a scroll of noise {unknown}
 m - a scroll of enchant weapon {unknown}
 q - a scroll of enchant armour
Potions
 c - a potion of heal wounds
 j - a potion of curing {unknown}
 o - a potion of berserk rage {unknown}
 r - a potion of haste {unknown}


   Skills:
 + Level 2.9 Fighting
 + Level 3.0 Ranged Weapons
 + Level 1.6 Armour
 * Level 1.6 Dodging
 - Level 1.0 Stealth
 * Level 6.6 Unarmed Combat
 + Level 1.0 Evocations


You had 5 spell levels left.
You didn't know any spells.
Your spell library contained the following spells:

 Spells                   Type           Power      Damage    Failure   Level
 Hailstorm                Conj/Ice       0%         3d3       75%         3
 Ice Form                 Ice/Tmut       0%         N/A       98%         4
 Arcjolt                  Conj/Air       0%         1d10      100%        5
 Chain Lightning          Conj/Air       0%         N/A       100%        9
 Fire Storm               Conj/Fire      0%         5d1       100%        9
 Shatter                  Erth           0%         3d5*      100%        9
 Summon Mana Viper        Hex/Summ       Unusable   N/A       N/A         5
 Simulacrum               Ice/Necr       Unusable   N/A       N/A         6
 Summon Horrible Things   Summ           Unusable   N/A       N/A         8

Dungeon Overview and Level Annotations

Branches:
Dungeon (3/15)

Altars:
Dithmenos
Okawaru

Shops:
D:2 ?

Annotations:
D:3 Natasha


Message History

Natasha claws you! The cerulean imp misses you.
You hit Natasha.
Natasha is heavily wounded.
Natasha zaps a wand.
The puff of flame hits you! The cerulean imp barely misses you.
You closely miss Natasha. Your punch misses Natasha.
Natasha is heavily wounded.
Natasha claws you. The cerulean imp misses you.
You hit Natasha but do no damage.
Natasha is heavily wounded.
Natasha claws you.
The cerulean imp hits you from afar with a +0 spear.
You hit Natasha.
Natasha is severely wounded.
Natasha barely misses you.
The cerulean imp hits you but does no damage.
Unknown command.
You are too injured to fight recklessly!
You hit Natasha but do no damage.
Natasha is severely wounded.
Natasha closely misses you. The cerulean imp barely misses you.
You are too injured to fight recklessly!
Unknown command.
You barely miss Natasha.
Natasha is severely wounded.
Natasha zaps a wand.
The puff of flame hits you but does no damage.
The cerulean imp hits you but does no damage.
You are too injured to fight recklessly!
You hit Natasha.
Natasha is severely wounded.
Natasha casts a spell at you. The magic dart hits you!
* * * LOW HITPOINT WARNING * * *
The cerulean imp closely misses you.
You closely miss Natasha.
Natasha is severely wounded.
Natasha casts a spell at you. The magic dart hits you!
You die...

...##.#.#
#.#
.####.#.#
#.# ..
..#.# #.#
.# ###.#
#.# .#
#.# #.#
#.# #.#
#.# #@#
#h# #5)
..## ##.
#


You could see Natasha (resistant) and a cerulean imp (summoned).

Vanquished Creatures
  Sigmund (D:2)
  Jessica (D:2)
  Natasha (D:3)
  A gnoll (D:1)
  An adder (D:2)
  2 worms (D:2)
  A dart slug (D:1)
  2 ball pythons
  4 bats
  3 endoplasms
  2 giant cockroaches (D:1)
  8 goblins
  6 hobgoblins
  3 jackals (D:2)
  2 quokkas
  3 frilled lizards (D:1)
  A kobold (D:1)
  8 rats
50 creatures vanquished.

Notes
Turn   | Place    | Note
-------+----------+-------------------------------------------
     0 | D:1      | dialectric the Hill Orc Wanderer began the quest for the
                  | Orb.
     0 | D:1      | dialectric set off with the following items: a +1 sling, 2
                  | scrolls of fear, a potion of heal wounds, a +0 robe.
     0 | D:1      | Reached XP level 1. HP: 16/16 MP: 1/1
   106 | D:1      | Reached XP level 2. HP: 12/23 MP: 2/2
   244 | D:1      | Reached skill level 5 in Unarmed Combat
   487 | D:1      | Reached XP level 3. HP: 25/28 MP: 3/3
   714 | D:2      | Reached skill level 1 in Armour
   831 | D:2      | Reached XP level 4. HP: 26/36 MP: 4/4
   882 | D:2      | Got Mahess's Anthology of the Legion and Turbulence
   938 | D:2      | Noticed Jessica
   945 | D:2      | Killed Jessica
  1283 | D:2      | Noticed Sigmund
  1294 | D:2      | Killed Sigmund
  1295 | D:2      | Reached skill level 1 in Dodging
  1295 | D:2      | Reached skill level 6 in Unarmed Combat
  1295 | D:2      | Reached XP level 5. HP: 31/42 MP: 5/5
  1295 | D:2      | Reached XP level 6. HP: 37/50 MP: 6/6
  1515 | D:2      | Found Qeliud's Magic Scroll Shop.
  1597 | D:2      | Bought a scroll of teleportation for 30 gold pieces
  1597 | D:2      | Bought a scroll of teleportation for 30 gold pieces
  1597 | D:2      | Bought a scroll of enchant armour for 75 gold pieces
  1634 | D:3      | Found a shadowy altar of Dithmenos.
  1702 | D:3      | Noticed Natasha
  1707 | D:3      | Found an iron altar of Okawaru.
  1712 | D:3      | Killed Natasha
  1722 | D:3      | Became a worshipper of Warmaster Okawaru
  1794 | D:3      | Noticed Natasha
  1811 | D:3      | Killed from afar by Natasha

Illustrated notes

Levels and vault maps discovered:
D:1:      eino_arrival_water_star, layout_rooms
D:2:      layout_loops_ring, serial_shops, nicolae_shop_pleasant_corner_grove,
          uniq_sigmund, uniq_jessica
D:3:      layout_loops_ring, mainiacjoe_overflow_small_starburst,
          grunt_dithmenos_smoke, old_standard_altar,
          gammafunk_ghost_nasty_kobolds, uniq_natasha

Skill      XL: |  1  2  3  4 |
---------------+-------------+-----
Unarmed Combat | 5 6 |  6.6
Armour         | 1 |  1.6
Fighting       | 2 |  2.9
Ranged Weapons | 3 |  3.0
Dodging        | 1 |  1.6
Stealth        | |  1.0
Evocations     | |  1.0

Action                     |  1- 3 |  4- 6 || total
---------------------------+-------+-------++-------
  Melee: Unarmed           |    82 |    26 ||   108
         Punch             |     2 |     3 ||     5
         Dagger            |       |    46 ||    46
   Fire: Sling             |     7 |       ||     7
  Throw: Dart              |     1 |       ||     1
   Stab: Sleeping          |     2 |       ||     2
 Armour: Robe              |     5 |    14 ||    19
  Dodge: Dodged            |    35 |    45 ||    80
